TOP OF THE 1ST |
Coastal Carolina University Chanticleers batting - Pitching for University of Minnesota Golden Gophers : RHP Nick Gonzalez
|
Pitching: RHP Nick Gonzalez
|
|
Batting: RHB Mennad Maalik
|
0-0: Called Strike 0-1: Ball 1-1: Ball 2-1: Swinging Strike 2-2: Strikes out swinging
|
Batting: LHB Orlando Hurtado
|
0-0: Ground out 4-3 (Groundball, 34, EV 102.5 MPH)
|
Batting: LHB Justin Sanders
|
0-0: Swinging Strike 0-1: Ball 1-1: Fly out, F7 (Flyball, 7LM, EV 86.9 MPH)
|
Top of the 1st over - 0 runs, 0 hits, 0 errors, 0 left on base; Coastal Carolina University 0 - University of Minnesota 0 |
BOTTOM OF THE 1ST |
University of Minnesota Golden Gophers batting - Pitching for Coastal Carolina University Chanticleers : RHP Matt Schnurer
|
Pitching: RHP Matt Schnurer
|
|
Batting: RHB Alex Guerra
|
0-0: Called Strike 0-1: Ball 1-1: Foul Ball, location: 2F 1-2: Strikes out swinging
|
Batting: RHB Tatsuyoshi Ikeda
|
0-0: Foul Ball, location: 2F 0-1: Ball 1-1: Ball 2-1: Swinging Strike 2-2: Ball 3-2: Foul Ball, location: 2F 3-2: Foul Ball, location: 2F 3-2: Ground out 5-3 (Groundball, 5S, EV 83.1 MPH)
|
Batting: RHB Ned Scovell
|
0-0: Ball 1-0: Foul Ball, location: 2F 1-1: Called Strike 1-2: Strikes out looking
|
Bottom of the 1st over - 0 runs, 0 hits, 0 errors, 0 left on base; Coastal Carolina University 0 - University of Minnesota 0 |
TOP OF THE 2ND |
Coastal Carolina University Chanticleers batting - Pitching for University of Minnesota Golden Gophers : RHP Nick Gonzalez
|
Batting: RHB Dennis Bennett
|
0-0: Ball 1-0: Swinging Strike 1-1: Ball 2-1: SINGLE (Groundball, 56D, EV 97.5 MPH)
|
Batting: RHB Isaac Washington
|
0-0: Called Strike 0-1: Fly out, F9 (Flyball, 89D, EV 89.4 MPH)
|
Batting: RHB Tatsunori Ishigaki
|
0-0: Foul Ball, location: 2F 0-1: Fly out, F3 (Line Drive, 34, EV 68.8 MPH)
|
Batting: RHB Justin Klein
|
0-0: Foul Ball, location: 2F 0-1: Ball 1-1: Foul Ball, location: 2F 1-2: Ball 2-2: Foul Ball, location: 2F 2-2: SINGLE (Groundball, 4MD, EV 95.6 MPH) Dennis Bennett to second Runner from 2nd tries for 3rd, SAFE, no throw by CF
|
Batting: RHB Fernando Tovar
|
0-0: Ball 1-0: Ball 2-0: Called Strike 2-1: Fly out, F7 (Flyball, 7, EV 91.2 MPH)
|
Top of the 2nd over - 0 runs, 2 hits, 0 errors, 2 left on base; Coastal Carolina University 0 - University of Minnesota 0 |
BOTTOM OF THE 2ND |
University of Minnesota Golden Gophers batting - Pitching for Coastal Carolina University Chanticleers : RHP Matt Schnurer
|
Batting: SHB Marty Kuehn
|
0-0: Foul Ball, location: 2F 0-1: Ball 1-1: Ground out 4-3 (Groundball, 4, EV 105.0 MPH)
|
Batting: LHB Justin Conley
|
0-0: Called Strike 0-1: Called Strike 0-2: Ball 1-2: Ball 2-2: Ball 3-2: Ground out 4-3 (Groundball, 4, EV 101.2 MPH)
|
Batting: RHB Jarrod Strickhouser
|
0-0: Foul Ball, location: 2F 0-1: Called Strike 0-2: Foul Ball, location: 2F 0-2: Ball 1-2: Ground out 4-3 (Groundball, 4, EV 99.4 MPH)
|
Bottom of the 2nd over - 0 runs, 0 hits, 0 errors, 0 left on base; Coastal Carolina University 0 - University of Minnesota 0 |
TOP OF THE 3RD |
Coastal Carolina University Chanticleers batting - Pitching for University of Minnesota Golden Gophers : RHP Nick Gonzalez
|
Batting: RHB Armando Moreno
|
0-0: Ball 1-0: Ground out 5-3 (Groundball, 56S, EV 83.8 MPH)
|
Batting: RHB Mennad Maalik
|
0-0: Fly out, F8 (Flyball, 78M, EV 85.0 MPH)
|
Batting: LHB Orlando Hurtado
|
0-0: Called Strike 0-1: Reached on error, E8 (Flyball, 8LD, EV 104.4 MPH)
|
Batting: LHB Justin Sanders
|
0-0: Ball 1-0: Fly out, F8 (Flyball, 8RD, EV 85.0 MPH)
|
Top of the 3rd over - 0 runs, 0 hits, 1 error, 1 left on base; Coastal Carolina University 0 - University of Minnesota 0 |
BOTTOM OF THE 3RD |
University of Minnesota Golden Gophers batting - Pitching for Coastal Carolina University Chanticleers : RHP Matt Schnurer
|
Batting: LHB Phil Bonner
|
0-0: Called Strike 0-1: Ball 1-1: Swinging Strike 1-2: Fly out, F8 (Flyball, 8RD, EV 90.0 MPH)
|
Batting: RHB Roy Evenden
|
0-0: Called Strike 0-1: Fly out, F7 (Flyball, 7LD, EV 93.8 MPH)
|
Batting: RHB Rúbem Trancoso
|
0-0: Swinging Strike 0-1: Called Strike 0-2: Foul Ball, location: 2F 0-2: Ball 1-2: Strikes out swinging
|
Bottom of the 3rd over - 0 runs, 0 hits, 0 errors, 0 left on base; Coastal Carolina University 0 - University of Minnesota 0 |
TOP OF THE 4TH |
Coastal Carolina University Chanticleers batting - Pitching for University of Minnesota Golden Gophers : RHP Nick Gonzalez
|
Batting: RHB Dennis Bennett
|
0-0: Called Strike 0-1: Swinging Strike 0-2: Ball 1-2: Ball 2-2: Ball 3-2: Foul Ball, location: 2F 3-2: Foul Ball, location: 2F 3-2: Fly out, F7 (Flyball, 7, EV 95.6 MPH)
|
Batting: RHB Isaac Washington
|
0-0: Called Strike 0-1: Foul Ball, location: 2F 0-2: Ball 1-2: Ball 2-2: Foul Ball, location: 2F 2-2: Ball 3-2: Base on Balls
|
Batting: RHB Tatsunori Ishigaki
|
0-0: Ball 1-0: Called Strike 1-1: Swinging Strike 1-2: Strikes out looking
|
Batting: RHB Justin Klein
|
0-0: Ball 1-0: Ball 2-0: Foul Ball, location: 2F 2-1: Ball 3-1: Foul Ball, location: 2F 3-2: Foul Ball, location: 2F 3-2: Foul Ball, location: 2F 3-2: Foul Ball, location: 2F 3-2: Base on Balls Isaac Washington to second
|
Batting: RHB Fernando Tovar
|
0-0: Called Strike 0-1: Swinging Strike 0-2: Ball 1-2: Ball 2-2: Ball 3-2: Strikes out swinging
|
Top of the 4th over - 0 runs, 0 hits, 0 errors, 2 left on base; Coastal Carolina University 0 - University of Minnesota 0 |
BOTTOM OF THE 4TH |
University of Minnesota Golden Gophers batting - Pitching for Coastal Carolina University Chanticleers : RHP Matt Schnurer
|
Batting: RHB Alex Guerra
|
0-0: Called Strike 0-1: Ball 1-1: Fly out, F3 (Popup, 3F, EV 71.2 MPH)
|
Batting: RHB Tatsuyoshi Ikeda
|
0-0: SINGLE (Line Drive, 6D, EV 93.8 MPH)
|
Batting: RHB Ned Scovell
|
0-0: Called Strike Tatsuyoshi Ikeda steals 2nd base 0-1: Foul Ball, location: 2F 0-2: Strikes out swinging
|
Batting: SHB Marty Kuehn
|
0-0: Ball 1-0: Ground out U3 (Groundball, 3L, EV 79.4 MPH)
|
Bottom of the 4th over - 0 runs, 1 hit, 0 errors, 1 left on base; Coastal Carolina University 0 - University of Minnesota 0 |
TOP OF THE 5TH |
Coastal Carolina University Chanticleers batting - Pitching for University of Minnesota Golden Gophers : RHP Nick Gonzalez
|
Batting: RHB Armando Moreno
|
0-0: Called Strike 0-1: Called Strike 0-2: Foul Ball, location: 2F 0-2: Foul Ball, location: 2F 0-2: Foul Ball, location: 2F 0-2: Ball 1-2: Strikes out swinging
|
Pitching: RHP Luis Ibarra
|
|
Batting: RHB Mennad Maalik
|
0-0: Foul Ball, location: 2F 0-1: Bunt for hit to 23 - play at first, batter OUT! 3-4
|
Batting: LHB Orlando Hurtado
|
0-0: Ball 1-0: Ball 2-0: Called Strike 2-1: Ball 3-1: Base on Balls
|
Batting: LHB Justin Sanders
|
0-0: Ball 1-0: Called Strike 1-1: Foul Ball, location: 2F 1-2: Ground out 3-1 (Groundball, 34, EV 81.9 MPH)
|
Top of the 5th over - 0 runs, 0 hits, 0 errors, 1 left on base; Coastal Carolina University 0 - University of Minnesota 0 |
BOTTOM OF THE 5TH |
University of Minnesota Golden Gophers batting - Pitching for Coastal Carolina University Chanticleers : RHP Matt Schnurer
|
Batting: LHB Justin Conley
|
0-0: Ball 1-0: Ball 2-0: Called Strike 2-1: Swinging Strike 2-2: Foul Ball, location: 2F 2-2: SOLO HOME RUN (Flyball, 8LXD, EV 113.8 MPH), Distance : 445 ft
|
Batting: RHB Jarrod Strickhouser
|
0-0: Ground out 6-3 (Groundball, 6, EV 90.0 MPH)
|
Batting: LHB Phil Bonner
|
0-0: Ball 1-0: Called Strike 1-1: Foul Ball, location: 2F 1-2: Foul Ball, location: 2F 1-2: Ball 2-2: Foul Ball, location: 2F 2-2: Ground out 4-3 (Groundball, 34, EV 83.8 MPH)
|
Batting: RHB Roy Evenden
|
0-0: Ball 1-0: Foul Ball, location: 2F 1-1: Ground out 5-3 (Groundball, 56, EV 88.1 MPH)
|
Bottom of the 5th over - 1 run, 1 hit, 0 errors, 0 left on base; Coastal Carolina University 0 - University of Minnesota 1 |
TOP OF THE 6TH |
Coastal Carolina University Chanticleers batting - Pitching for University of Minnesota Golden Gophers : RHP Luis Ibarra
|
Pinch Hitting: LHB Nate Kokx
|
0-0: Swinging Strike 0-1: Ball 1-1: Called Strike 1-2: Ball 2-2: Ground out 4-3 (Groundball, 4S, EV 86.2 MPH)
|
Pinch Hitting: LHB Justin Kaller
|
0-0: Ground out 4-3 (Groundball, 4S, EV 81.9 MPH)
|
Pinch Hitting: RHB Mike Grogan
|
0-0: Ball 1-0: Called Strike 1-1: Ground out 5-3 (Groundball, 56, EV 76.9 MPH)
|
Top of the 6th over - 0 runs, 0 hits, 0 errors, 0 left on base; Coastal Carolina University 0 - University of Minnesota 1 |
BOTTOM OF THE 6TH |
University of Minnesota Golden Gophers batting - Pitching for Coastal Carolina University Chanticleers : RHP Matt Schnurer
|
Now at 2B: Mike Grogan
|
|
Now at 3B: Tristan Williams
|
|
Now at SS: Ferri Casteleijn
|
|
Batting: RHB Rúbem Trancoso
|
0-0: Ball 1-0: Called Strike 1-1: Foul Ball, location: 2F 1-2: Foul Ball, location: 2F 1-2: Strikes out looking
|
Batting: RHB Alex Guerra
|
0-0: Fly out, F8 (Flyball, 89S, EV 91.2 MPH)
|
Batting: RHB Tatsuyoshi Ikeda
|
0-0: Ball 1-0: Foul Ball, location: 2F 1-1: Ground out 6-3 (Groundball, 6, EV 82.5 MPH)
|
Bottom of the 6th over - 0 runs, 0 hits, 0 errors, 0 left on base; Coastal Carolina University 0 - University of Minnesota 1 |
TOP OF THE 7TH |
Coastal Carolina University Chanticleers batting - Pitching for University of Minnesota Golden Gophers : RHP Luis Ibarra
|
Pinch Hitting: LHB Ramelan Nasution
|
0-0: Foul Ball, location: 2F 0-1: Ground out 5-3 (Groundball, 56S, EV 86.2 MPH)
|
Batting: RHB Fernando Tovar
|
0-0: Called Strike 0-1: Ball 1-1: Ground out 5-3 (Groundball, 56S, EV 85.0 MPH)
|
Pinch Hitting: LHB Milo Karadzic
|
0-0: Fly out, F8 (Flyball, 8LXD, EV 102.5 MPH)
|
Top of the 7th over - 0 runs, 0 hits, 0 errors, 0 left on base; Coastal Carolina University 0 - University of Minnesota 1 |
BOTTOM OF THE 7TH |
University of Minnesota Golden Gophers batting - Pitching for Coastal Carolina University Chanticleers : RHP Matt Schnurer
|
Pitching: LHP Anthon Kok
|
|
Now at 1B: Milo Karadzic
|
|
Now in RF: Ramelan Nasution
|
|
Batting: RHB Ned Scovell
|
0-0: Called Strike 0-1: Called Strike 0-2: Ball 1-2: Foul Ball, location: 2F 1-2: Ball 2-2: Ball 3-2: Strikes out swinging
|
Batting: SHB Marty Kuehn
|
0-0: Called Strike 0-1: Foul Ball, location: 2F 0-2: Ball 1-2: Foul Ball, location: 2F 1-2: Strikes out looking
|
Batting: LHB Justin Conley
|
0-0: SINGLE (Flyball, 34D, EV 81.2 MPH)
|
Batting: RHB Jarrod Strickhouser
|
0-0: Called Strike 0-1: Ball 1-1: Swinging Strike 1-2: Foul Ball, location: 2F 1-2: Fly out, F7 (Line Drive, 7, EV 91.9 MPH)
|
Bottom of the 7th over - 0 runs, 1 hit, 0 errors, 1 left on base; Coastal Carolina University 0 - University of Minnesota 1 |
TOP OF THE 8TH |
Coastal Carolina University Chanticleers batting - Pitching for University of Minnesota Golden Gophers : RHP Luis Ibarra
|
Now in CF: Chris Rodgers
|
|
Pinch Hitting: RHB Chris McDaniel
|
0-0: Ground out 6-3 (Groundball, 56S, EV 73.8 MPH)
|
Batting: RHB I-po Lin
|
0-0: Ball 1-0: Ground out 1-3 (Groundball, 13S, EV 70.6 MPH)
|
Batting: LHB Justin Sanders
|
0-0: Called Strike 0-1: Ball 1-1: Foul Ball, location: 2F 1-2: Ball 2-2: Foul Ball, location: 2F 2-2: Foul Ball, location: 2F 2-2: SOLO HOME RUN (Flyball, 89XD, EV 99.4 MPH), Distance : 408 ft
|
Batting: RHB Ferri Casteleijn
|
0-0: Ball 1-0: Swinging Strike 1-1: Called Strike 1-2: Ball 2-2: Fly out, F9 (Line Drive, 89D, EV 93.8 MPH)
|
Top of the 8th over - 1 run, 1 hit, 0 errors, 0 left on base; Coastal Carolina University 1 - University of Minnesota 1 |
BOTTOM OF THE 8TH |
University of Minnesota Golden Gophers batting - Pitching for Coastal Carolina University Chanticleers : LHP Anthon Kok
|
Pitching: RHP Eddie Larnach
|
|
Now in LF: Chris McDaniel
|
|
Batting: LHB Phil Bonner
|
0-0: Ball 1-0: Ball 2-0: Called Strike 2-1: Fly out, F6 (Popup, 6M, EV 69.4 MPH)
|
Pinch Hitting: LHB Jose Moncada
|
0-0: Ball 1-0: Ball 2-0: Called Strike 2-1: Ball 3-1: Base on Balls
|
Batting: RHB Ron Gooch
|
0-0: Grounds into double play, 6-4-3 (Groundball, 6, EV 88.8 MPH)
|
Bottom of the 8th over - 0 runs, 0 hits, 0 errors, 0 left on base; Coastal Carolina University 1 - University of Minnesota 1 |
TOP OF THE 9TH |
Coastal Carolina University Chanticleers batting - Pitching for University of Minnesota Golden Gophers : RHP Luis Ibarra
|
Pitching: LHP Bill Parker
|
|
Now in RF: Ivan Villegas
|
|
Batting: RHB Tristan Williams
|
0-0: Ball 1-0: Swinging Strike 1-1: Foul Ball, location: 2F 1-2: Ball 2-2: Foul Ball, location: 2F 2-2: Foul Ball, location: 2F 2-2: Strikes out swinging
|
Batting: RHB Mike Grogan
|
0-0: Ball 1-0: Foul Ball, location: 2F 1-1: Ball 2-1: Ball 3-1: Foul Ball, location: 2F 3-2: Strikes out swinging
|
Pinch Hitting: RHB Rene Napoles
|
0-0: Called Strike 0-1: Ground out 5-3 (Groundball, 5, EV 85.0 MPH)
|
Top of the 9th over - 0 runs, 0 hits, 0 errors, 0 left on base; Coastal Carolina University 1 - University of Minnesota 1 |
BOTTOM OF THE 9TH |
University of Minnesota Golden Gophers batting - Pitching for Coastal Carolina University Chanticleers : RHP Eddie Larnach
|
Pitching: RHP Oscar Fajardo
|
|
Now in RF: Iher Waithaka
|
|
Pinch Hitting: LHB Bobby Agterberg
|
0-0: Called Strike 0-1: Ground out 6-3 (Groundball, 6, EV 91.2 MPH)
|
Batting: RHB Tatsuyoshi Ikeda
|
0-0: Swinging Strike 0-1: Ball 1-1: Called Strike 1-2: Ball 2-2: Foul Ball, location: 2F 2-2: Ground out 6-3 (Groundball, 6S, EV 82.5 MPH)
|
Pinch Hitting: LHB Gabe Cothron
|
0-0: Ball 1-0: SINGLE (Groundball, 34, EV 95.6 MPH)
|
Pinch Hitting: RHB Mike Satterfield
|
0-0: Ball 1-0: Foul Ball, location: 2F 1-1: Ball 2-1: Ball 3-1: Fly out, F8 (Flyball, 89S, EV 90.6 MPH)
|
Bottom of the 9th over - 0 runs, 1 hit, 0 errors, 1 left on base; Coastal Carolina University 1 - University of Minnesota 1 |
TOP OF THE 10TH |
Coastal Carolina University Chanticleers batting - Pitching for University of Minnesota Golden Gophers : LHP Bill Parker
|
Now at C: Jason Mooris
|
|
Now at SS: Farakiko Haunani
|
|
Now in LF: Dave Uttley
|
|
Pinch Hitting: LHB Tim Kirby
|
0-0: Ball 1-0: Ball 2-0: Ground out 3-1 (Groundball, 34, EV 105.6 MPH)
|
Pinch Hitting: RHB Ivan Torres
|
0-0: Called Strike 0-1: Ground out 5-3 (Groundball, 56, EV 86.9 MPH)
|
Batting: RHB Chris McDaniel
|
0-0: Ground out 5-3 (Groundball, 5, EV 100.0 MPH)
|
Top of the 10th over - 0 runs, 0 hits, 0 errors, 0 left on base; Coastal Carolina University 1 - University of Minnesota 1 |
BOTTOM OF THE 10TH |
University of Minnesota Golden Gophers batting - Pitching for Coastal Carolina University Chanticleers : RHP Oscar Fajardo
|
Pitching: RHP Melchior Hartman
|
|
Now at C: Jeremy Stockwell
|
|
Now at 1B: Tim Kirby
|
|
Pinch Hitting: RHB Scott Rose
|
0-0: Foul Ball, location: 2F 0-1: Ball 1-1: Ball 2-1: Foul Ball, location: 2F 2-2: Ground out 6-3 (Groundball, 6, EV 83.1 MPH)
|
Batting: SHB Chris Rodgers
|
0-0: Ball 1-0: Called Strike 1-1: Foul Ball, location: 2F 1-2: Ball 2-2: Ball 3-2: Foul Ball, location: 2F 3-2: Strikes out looking
|
Batting: LHB Phil Bonner
|
0-0: Reached on error, E6 (Groundball, 56, EV 96.9 MPH)
|
Batting: LHB Ivan Villegas
|
0-0: Ball 1-0: Called Strike 1-1: Ground out 4-3 (Groundball, 34, EV 86.9 MPH)
|
Bottom of the 10th over - 0 runs, 0 hits, 1 error, 1 left on base; Coastal Carolina University 1 - University of Minnesota 1 |
TOP OF THE 11TH |
Coastal Carolina University Chanticleers batting - Pitching for University of Minnesota Golden Gophers : LHP Bill Parker
|
Pitching: RHP Bobby Rodriguez
|
|
Now at 1B: Antonio Cordero
|
|
Batting: RHB I-po Lin
|
0-0: Ball 1-0: Ball 2-0: Called Strike 2-1: Ball 3-1: Fly out, F4 (Popup, 34, EV 68.8 MPH)
|
Batting: LHB Justin Sanders
|
0-0: Called Strike 0-1: Ball 1-1: Ball 2-1: Foul Ball, location: 2F 2-2: Foul Ball, location: 2F 2-2: Ball 3-2: Ground out 5-3 (Groundball, 56, EV 77.5 MPH)
|
Batting: RHB Ferri Casteleijn
|
0-0: Called Strike 0-1: Fly out, F4 (Popup, 4, EV 75.0 MPH)
|
Top of the 11th over - 0 runs, 0 hits, 0 errors, 0 left on base; Coastal Carolina University 1 - University of Minnesota 1 |
BOTTOM OF THE 11TH |
University of Minnesota Golden Gophers batting - Pitching for Coastal Carolina University Chanticleers : RHP Melchior Hartman
|
Batting: RHB Ron Gooch
|
0-0: Ground out 3-1 (Groundball, 34, EV 107.5 MPH)
|
Batting: RHB Dave Uttley
|
0-0: Ball 1-0: Called Strike 1-1: Foul Ball, location: 2F 1-2: Ball 2-2: Foul Ball, location: 2F 2-2: Ball 3-2: Fly out, F7 (Flyball, 78S, EV 83.8 MPH)
|
Pitching: LHP Kurt Koehn
|
|
Batting: RHB Tatsuyoshi Ikeda
|
0-0: Called Strike 0-1: Foul Ball, location: 2F 0-2: Ball 1-2: Ground out 5-3 (Groundball, 56, EV 100.6 MPH)
|
Bottom of the 11th over - 0 runs, 0 hits, 0 errors, 0 left on base; Coastal Carolina University 1 - University of Minnesota 1 |
TOP OF THE 12TH |
Coastal Carolina University Chanticleers batting - Pitching for University of Minnesota Golden Gophers : RHP Bobby Rodriguez
|
Batting: RHB Tristan Williams
|
0-0: Called Strike 0-1: Called Strike 0-2: Ball 1-2: Foul Ball, location: 2F 1-2: Ball 2-2: Strikes out looking
|
Batting: RHB Mike Grogan
|
0-0: Called Strike 0-1: Ball 1-1: Ball 2-1: Swinging Strike 2-2: Fly out, F5 (Line Drive, 56, EV 65.6 MPH)
|
Batting: SHB Iher Waithaka
|
0-0: Called Strike 0-1: Ball 1-1: Ball 2-1: Swinging Strike 2-2: Ball 3-2: Strikes out looking
|
Top of the 12th over - 0 runs, 0 hits, 0 errors, 0 left on base; Coastal Carolina University 1 - University of Minnesota 1 |
BOTTOM OF THE 12TH |
University of Minnesota Golden Gophers batting - Pitching for Coastal Carolina University Chanticleers : LHP Kurt Koehn
|
Batting: RHB Farakiko Haunani
|
0-0: Foul Ball, location: 2F 0-1: Fly out, F6 (Line Drive, 6, EV 73.1 MPH)
|
Pinch Hitting: RHB Chris Gant
|
0-0: Ball 1-0: Ball 2-0: Foul Ball, location: 2F 2-1: Swinging Strike 2-2: Foul Ball, location: 2F 2-2: Ball 3-2: Base on Balls
|
Pinch Hitting: RHB Josh Gifford
|
0-0: Grounds into double play, 4-6-3 (Groundball, 34, EV 82.5 MPH)
|
Bottom of the 12th over - 0 runs, 0 hits, 0 errors, 0 left on base; Coastal Carolina University 1 - University of Minnesota 1 |
TOP OF THE 13TH |
Coastal Carolina University Chanticleers batting - Pitching for University of Minnesota Golden Gophers : RHP Bobby Rodriguez
|
Pitching: RHP Dan Lupo
|
|
Now at C: Jose Garrido
|
|
Now at 1B: Chris Gant
|
|
Batting: LHB Tim Kirby
|
0-0: Ball 1-0: Called Strike 1-1: Foul Ball, location: 2F 1-2: Ball 2-2: Fly out, F7 (Flyball, 7D, EV 99.4 MPH)
|
Pinch Hitting: RHB Oscar Hernandez
|
0-0: Called Strike 0-1: Ground out 6-3 (Groundball, 6, EV 78.1 MPH)
|
Batting: RHB Chris McDaniel
|
0-0: Foul Ball, location: 2F 0-1: Ball 1-1: Ball 2-1: Ball 3-1: Fly out, F9 (Flyball, 9, EV 75.0 MPH)
|
Top of the 13th over - 0 runs, 0 hits, 0 errors, 0 left on base; Coastal Carolina University 1 - University of Minnesota 1 |
BOTTOM OF THE 13TH |
University of Minnesota Golden Gophers batting - Pitching for Coastal Carolina University Chanticleers : LHP Kurt Koehn
|
Now at C: Oscar Hernandez
|
|
Batting: SHB Chris Rodgers
|
0-0: Called Strike 0-1: Foul Ball, location: 2F 0-2: Ball 1-2: Ground out 6-3 (Groundball, 6, EV 82.5 MPH)
|
Batting: LHB Phil Bonner
|
0-0: Called Strike 0-1: Ball 1-1: Called Strike 1-2: DOUBLE (Flyball, 8LXD, EV 95.6 MPH)
|
Batting: LHB Ivan Villegas
|
0-0: Called Strike 0-1: Ball 1-1: Ball 2-1: Fly out, F8 (Flyball, 8RD, EV 92.5 MPH)
|
Pitching: RHP Tony Jaggie
|
|
Batting: RHB Ron Gooch
|
0-0: Called Strike 0-1: Ball 1-1: Ball 2-1: Ball 3-1: Base on Balls
|
Batting: RHB Dave Uttley
|
0-0: Called Strike 0-1: Foul Ball, location: 2F 0-2: Fly out, F7 (Flyball, 78M, EV 95.0 MPH)
|
Bottom of the 13th over - 0 runs, 1 hit, 0 errors, 2 left on base; Coastal Carolina University 1 - University of Minnesota 1 |
TOP OF THE 14TH |
Coastal Carolina University Chanticleers batting - Pitching for University of Minnesota Golden Gophers : RHP Dan Lupo
|
Batting: RHB I-po Lin
|
0-0: Ground out 1-3 (Groundball, 13, EV 68.1 MPH)
|
Batting: LHB Justin Sanders
|
0-0: Ball 1-0: Foul Ball, location: 2F 1-1: Ball 2-1: SINGLE (Groundball, 3L, EV 100.6 MPH)
|
Batting: RHB Ferri Casteleijn
|
0-0: Called Strike 0-1: Foul Ball, location: 2F 0-2: Ball 1-2: Ball 2-2: Ball 3-2: Foul Ball, location: 2F 3-2: Fly out, F6 (Popup, 15S, EV 87.5 MPH)
|
Batting: RHB Tristan Williams
|
0-0: Called Strike Pickoff Throw by Catcher to First - Out!
|
Top of the 14th over - 0 runs, 1 hit, 0 errors, 0 left on base; Coastal Carolina University 1 - University of Minnesota 1 |
BOTTOM OF THE 14TH |
University of Minnesota Golden Gophers batting - Pitching for Coastal Carolina University Chanticleers : RHP Tony Jaggie
|
Batting: RHB Tatsuyoshi Ikeda
|
0-0: Swinging Strike 0-1: Foul Ball, location: 2F 0-2: Ball 1-2: Strikes out swinging
|
Batting: RHB Farakiko Haunani
|
0-0: Foul Ball, location: 2F 0-1: Ground out 5-3 (Groundball, 5S, EV 65.6 MPH)
|
Batting: RHB Chris Gant
|
0-0: Foul Ball, location: 2F 0-1: Swinging Strike 0-2: Foul Ball, location: 2F 0-2: Ball 1-2: Ball 2-2: Strikes out swinging
|
Bottom of the 14th over - 0 runs, 0 hits, 0 errors, 0 left on base; Coastal Carolina University 1 - University of Minnesota 1 |
TOP OF THE 15TH |
Coastal Carolina University Chanticleers batting - Pitching for University of Minnesota Golden Gophers : RHP Dan Lupo
|
Batting: RHB Tristan Williams
|
0-0: Ball 1-0: Ground out 5-3 (Groundball, 56S, EV 86.2 MPH)
|
Batting: RHB Mike Grogan
|
0-0: SINGLE (Groundball, P, EV 92.5 MPH) (infield hit)
|
Batting: SHB Iher Waithaka
|
0-0: Bunted foul 0-1: Bunted foul 0-2: Ball 1-2: Ball 2-2: Ball 3-2: SINGLE (Line Drive, 7S, EV 111.2 MPH) Mike Grogan to second
|
Pitching: RHP Frank McCarthy
|
|
Batting: LHB Tim Kirby
|
0-0: Called Strike 0-1: Ball 1-1: Fly out, F7 (Flyball, 78S, EV 91.2 MPH)
|
Pinch Hitting: LHB Jason Melek
|
0-0: Ball 1-0: Swinging Strike 1-1: Swinging Strike 1-2: Ground out 3-1 (Groundball, 13, EV 80.6 MPH)
|
Top of the 15th over - 0 runs, 2 hits, 0 errors, 2 left on base; Coastal Carolina University 1 - University of Minnesota 1 |
BOTTOM OF THE 15TH |
University of Minnesota Golden Gophers batting - Pitching for Coastal Carolina University Chanticleers : RHP Tony Jaggie
|
Now at C: Jason Melek
|
|
Pinch Hitting: RHB Adler Cananis
|
0-0: Ball 1-0: Foul Ball, location: 2F 1-1: Foul Ball, location: 2F 1-2: Foul Ball, location: 2F 1-2: Ball 2-2: Ball 3-2: SINGLE (Line Drive, 78S, EV 90.0 MPH)
|
Batting: SHB Chris Rodgers
|
0-0: Called Strike 0-1: Foul Ball, location: 2F 0-2: Ball 1-2: Ball 2-2: Foul Ball, location: 2F 2-2: Strikes out swinging
|
Pitching: RHP Hector Martinez
|
|
Batting: LHB Phil Bonner
|
0-0: Ball 1-0: Fly out, F8 (Flyball, 8LM, EV 85.0 MPH)
|
Batting: LHB Ivan Villegas
|
0-0: Fielders Choice at 2nd, 6-4 (Groundball, 6, EV 108.1 MPH)
|
Bottom of the 15th over - 0 runs, 1 hit, 0 errors, 1 left on base; Coastal Carolina University 1 - University of Minnesota 1 |
TOP OF THE 16TH |
Coastal Carolina University Chanticleers batting - Pitching for University of Minnesota Golden Gophers : RHP Frank McCarthy
|
Now at C: Curt Perez
|
|
Batting: RHB Chris McDaniel
|
0-0: Ball 1-0: Ball 2-0: Called Strike 2-1: Foul Ball, location: 2F 2-2: Ground out U3 (Groundball, 3L, EV 107.5 MPH)
|
Batting: RHB I-po Lin
|
0-0: Ball 1-0: Swinging Strike 1-1: Ball 2-1: Foul Ball, location: 2F 2-2: Strikes out swinging
|
Batting: LHB Justin Sanders
|
0-0: Ball 1-0: Ball 2-0: Called Strike 2-1: Ball 3-1: Foul Ball, location: 2F 3-2: Base on Balls
|
Pitching: LHP Travis Evans
|
|
Batting: RHB Ferri Casteleijn
|
0-0: Foul Ball, location: 2F 0-1: Swinging Strike 0-2: Fielders Choice at 2nd, 6-4 (Groundball, 6, EV 85.6 MPH)
|
Top of the 16th over - 0 runs, 0 hits, 0 errors, 1 left on base; Coastal Carolina University 1 - University of Minnesota 1 |
BOTTOM OF THE 16TH |
University of Minnesota Golden Gophers batting - Pitching for Coastal Carolina University Chanticleers : RHP Hector Martinez
|
Batting: RHB Ron Gooch
|
0-0: Foul Ball, location: 2F 0-1: Ground out U3 (Groundball, 34, EV 90.0 MPH)
|
Batting: RHB Dave Uttley
|
0-0: Foul Ball, location: 2F 0-1: Ball 1-1: Foul Ball, location: 2F 1-2: Ball 2-2: Foul Ball, location: 2F 2-2: Strikes out swinging
|
Batting: RHB Tatsuyoshi Ikeda
|
0-0: Ball 1-0: Ball 2-0: Ball 3-0: Ground out 5-3 (Groundball, 56, EV 98.8 MPH)
|
Bottom of the 16th over - 0 runs, 0 hits, 0 errors, 0 left on base; Coastal Carolina University 1 - University of Minnesota 1 |
TOP OF THE 17TH |
Coastal Carolina University Chanticleers batting - Pitching for University of Minnesota Golden Gophers : LHP Travis Evans
|
Batting: RHB Tristan Williams
|
0-0: Ball 1-0: Called Strike 1-1: Foul Ball, location: 2F 1-2: Fly out, F7 (Flyball, 78M, EV 92.5 MPH)
|
Batting: RHB Mike Grogan
|
0-0: Called Strike 0-1: Ball 1-1: Foul Ball, location: 2F 1-2: Ball 2-2: Fly out, F4 (Line Drive, 4, EV 67.5 MPH)
|
Batting: SHB Iher Waithaka
|
0-0: Ball 1-0: Swinging Strike 1-1: Ball 2-1: Foul Ball, location: 2F 2-2: Ball 3-2: Ground out 4-3 (Groundball, 4, EV 106.9 MPH)
|
Top of the 17th over - 0 runs, 0 hits, 0 errors, 0 left on base; Coastal Carolina University 1 - University of Minnesota 1 |
BOTTOM OF THE 17TH |
University of Minnesota Golden Gophers batting - Pitching for Coastal Carolina University Chanticleers : RHP Hector Martinez
|
Batting: RHB Farakiko Haunani
|
0-0: Ball 1-0: Ball 2-0: Ground out 5-3 (Groundball, 5, EV 100.6 MPH)
|
Batting: RHB Chris Gant
|
0-0: Ball 1-0: Ball 2-0: Called Strike 2-1: Called Strike 2-2: Ball 3-2: Ground out 6-3 (Groundball, 56, EV 107.5 MPH)
|
Batting: RHB Curt Perez
|
0-0: Ball 1-0: Called Strike 1-1: Foul Ball, location: 2F 1-2: Ball 2-2: Strikes out swinging
|
Bottom of the 17th over - 0 runs, 0 hits, 0 errors, 0 left on base; Coastal Carolina University 1 - University of Minnesota 1 |
TOP OF THE 18TH |
Coastal Carolina University Chanticleers batting - Pitching for University of Minnesota Golden Gophers : LHP Travis Evans
|
Batting: LHB Tim Kirby
|
0-0: Swinging Strike 0-1: Swinging Strike 0-2: Foul Ball, location: 2F 0-2: Strikes out looking
|
Batting: LHB Jason Melek
|
0-0: Ball 1-0: Called Strike 1-1: Swinging Strike 1-2: Ball 2-2: Foul Ball, location: 2F 2-2: Ball 3-2: Foul Ball, location: 2F 3-2: Strikes out swinging
|
Batting: RHB Chris McDaniel
|
0-0: Ground out 6-3 (Groundball, 6, EV 86.2 MPH)
|
Top of the 18th over - 0 runs, 0 hits, 0 errors, 0 left on base; Coastal Carolina University 1 - University of Minnesota 1 |
BOTTOM OF THE 18TH |
University of Minnesota Golden Gophers batting - Pitching for Coastal Carolina University Chanticleers : RHP Hector Martinez
|
Pitching: RHP Jeff Box
|
|
Batting: SHB Chris Rodgers
|
0-0: Foul Ball, location: 2F 0-1: Ball 1-1: Foul Ball, location: 2F 1-2: Ball 2-2: Strikes out swinging
|
Batting: LHB Phil Bonner
|
0-0: Swinging Strike 0-1: Called Strike 0-2: Strikes out swinging
|
Batting: LHB Ivan Villegas
|
0-0: Ball 1-0: Ball 2-0: Called Strike 2-1: Called Strike 2-2: Foul Ball, location: 2F 2-2: Foul Ball, location: 2F 2-2: Foul Ball, location: 2F 2-2: Foul Ball, location: 2F 2-2: Ball 3-2: Base on Balls
|
Batting: RHB Ron Gooch
|
0-0: Called Strike 0-1: Ball 1-1: Ball 2-1: Ball 3-1: Base on Balls Ivan Villegas to second
|
Batting: RHB Dave Uttley
|
0-0: Called Strike 0-1: Called Strike 0-2: Ball 1-2: Ball 2-2: Foul Ball, location: 2F 2-2: Foul Ball, location: 2F 2-2: Reached on error, E3 (Groundball, 34, EV 98.8 MPH) Ivan Villegas to third Ron Gooch to second
|
Pitching: RHP Danny Wood
|
|
Batting: RHB Tatsuyoshi Ikeda
|
0-0: Called Strike 0-1: Called Strike 0-2: Strikes out swinging
|
Bottom of the 18th over - 0 runs, 0 hits, 1 error, 3 left on base; Coastal Carolina University 1 - University of Minnesota 1 |
TOP OF THE 19TH |
Coastal Carolina University Chanticleers batting - Pitching for University of Minnesota Golden Gophers : LHP Travis Evans
|
Batting: RHB I-po Lin
|
0-0: Swinging Strike 0-1: Swinging Strike 0-2: Ball 1-2: Ball 2-2: Strikes out swinging
|
Batting: LHB Justin Sanders
|
0-0: Ground out 6-3 (Groundball, 6, EV 86.9 MPH)
|
Batting: RHB Ferri Casteleijn
|
0-0: Called Strike 0-1: Called Strike 0-2: Strikes out swinging
|
Top of the 19th over - 0 runs, 0 hits, 0 errors, 0 left on base; Coastal Carolina University 1 - University of Minnesota 1 |
BOTTOM OF THE 19TH |
University of Minnesota Golden Gophers batting - Pitching for Coastal Carolina University Chanticleers : RHP Danny Wood
|
Batting: RHB Farakiko Haunani
|
0-0: Swinging Strike 0-1: Ball 1-1: Ball 2-1: Foul Ball, location: 2F 2-2: Foul Ball, location: 2F 2-2: Hit by Pitch
|
Batting: RHB Chris Gant
|
0-0: Ball 1-0: Ball 2-0: Foul Ball, location: 2F 2-1: Ball 3-1: Base on Balls Farakiko Haunani to second
|
Batting: RHB Curt Perez
|
0-0: Swinging Strike 0-1: Foul Ball, location: 2F 0-2: Foul Ball, location: 2F 0-2: Ball 1-2: Foul Ball, location: 2F 1-2: Strikes out looking
|
Batting: SHB Chris Rodgers
|
0-0: Ball 1-0: Called Strike 1-1: Foul Ball, location: 2F 1-2: Ball 2-2: Fielders Choice at 2nd, 3-6 (Groundball, 34, EV 78.8 MPH) Farakiko Haunani to third
|
Batting: LHB Phil Bonner
|
0-0: Ball 1-0: Swinging Strike 1-1: Fielders Choice at 2nd, 6-4 (Groundball, 56, EV 81.2 MPH)
|
Bottom of the 19th over - 0 runs, 0 hits, 0 errors, 2 left on base; Coastal Carolina University 1 - University of Minnesota 1 |
TOP OF THE 20TH |
Coastal Carolina University Chanticleers batting - Pitching for University of Minnesota Golden Gophers : LHP Travis Evans
|
Batting: RHB Tristan Williams
|
0-0: Swinging Strike 0-1: Called Strike 0-2: Ball 1-2: Foul Ball, location: 2F 1-2: Strikes out swinging
|
Batting: RHB Mike Grogan
|
0-0: Ground out 5-3 (Groundball, 5, EV 91.9 MPH)
|
Batting: SHB Iher Waithaka
|
0-0: Ball 1-0: Called Strike 1-1: Foul Ball, location: 2F 1-2: Foul Ball, location: 2F 1-2: Ground out 5-3 (Groundball, 56S, EV 85.6 MPH)
|
Top of the 20th over - 0 runs, 0 hits, 0 errors, 0 left on base; Coastal Carolina University 1 - University of Minnesota 1 |
BOTTOM OF THE 20TH |
University of Minnesota Golden Gophers batting - Pitching for Coastal Carolina University Chanticleers : RHP Danny Wood
|
Pitching: LHP Rich Holliday
|
|
Batting: LHB Ivan Villegas
|
0-0: Ball 1-0: Foul Ball, location: 2F 1-1: Reached on error, E4 (Groundball, 34, EV 91.2 MPH)
|
Batting: RHB Ron Gooch
|
0-0: Fly out, F9 (Flyball, 9, EV 81.9 MPH) Runner from 2nd tags up, SAFE at 3rd with throw by RF
|
Batting: RHB Dave Uttley
|
Squeeze bunt is on, Ivan Villegas is out 0-1: Called Strike 0-2: Ground out 4-3 (Groundball, 4S, EV 61.9 MPH)
|
Bottom of the 20th over - 0 runs, 0 hits, 1 error, 0 left on base; Coastal Carolina University 1 - University of Minnesota 1 |
TOP OF THE 21ST |
Coastal Carolina University Chanticleers batting - Pitching for University of Minnesota Golden Gophers : LHP Travis Evans
|
Pitching: RHP Rich Pratte
|
|
Batting: LHB Tim Kirby
|
0-0: Swinging Strike 0-1: Swinging Strike 0-2: Strikes out looking
|
Batting: LHB Jason Melek
|
0-0: Foul Ball, location: 2F 0-1: Fly out, F6 (Popup, 6, EV 54.4 MPH)
|
Batting: RHB Chris McDaniel
|
0-0: Swinging Strike 0-1: Foul Ball, location: 2F 0-2: Foul Ball, location: 2F 0-2: Foul Ball, location: 2F 0-2: Ground out 6-3 (Groundball, 6, EV 97.5 MPH)
|
Top of the 21st over - 0 runs, 0 hits, 0 errors, 0 left on base; Coastal Carolina University 1 - University of Minnesota 1 |
BOTTOM OF THE 21ST |
University of Minnesota Golden Gophers batting - Pitching for Coastal Carolina University Chanticleers : LHP Rich Holliday
|
Batting: RHB Tatsuyoshi Ikeda
|
0-0: Ball 1-0: Ground out 4-3 (Groundball, 4, EV 84.4 MPH)
|
Batting: RHB Farakiko Haunani
|
0-0: Called Strike 0-1: Ball 1-1: Ball 2-1: Foul Ball, location: 2F 2-2: Foul Ball, location: 2F 2-2: Foul Ball, location: 2F 2-2: Foul Ball, location: 2F 2-2: Foul Ball, location: 2F 2-2: Fly out, F5 (Popup, 25, EV 90.6 MPH)
|
Batting: RHB Chris Gant
|
0-0: Ball 1-0: Ball 2-0: Called Strike 2-1: Ball 3-1: Fly out, F7 (Flyball, 78M, EV 85.6 MPH)
|
Bottom of the 21st over - 0 runs, 0 hits, 0 errors, 0 left on base; Coastal Carolina University 1 - University of Minnesota 1 |
TOP OF THE 22ND |
Coastal Carolina University Chanticleers batting - Pitching for University of Minnesota Golden Gophers : RHP Rich Pratte
|
Batting: RHB I-po Lin
|
0-0: Swinging Strike 0-1: Foul Ball, location: 2F 0-2: Strikes out swinging
|
Batting: LHB Justin Sanders
|
0-0: Ball 1-0: SINGLE (Flyball, 3D, EV 91.9 MPH)
|
Batting: RHB Ferri Casteleijn
|
0-0: Ball 1-0: Called Strike 1-1: Called Strike 1-2: Strikes out looking
|
Batting: RHB Tristan Williams
|
0-0: Ball 1-0: DOUBLE (Flyball, 89XD, EV 108.1 MPH) Justin Sanders to third
|
Batting: RHB Mike Grogan
|
0-0: Intentional Walk
|
Batting: SHB Iher Waithaka
|
0-0: Ball 1-0: Foul Ball, location: 2F 1-1: Foul Ball, location: 2F 1-2: Ball 2-2: Ball 3-2: Ground out 6-3 (Groundball, 6, EV 83.1 MPH)
|
Top of the 22nd over - 0 runs, 2 hits, 0 errors, 3 left on base; Coastal Carolina University 1 - University of Minnesota 1 |
BOTTOM OF THE 22ND |
University of Minnesota Golden Gophers batting - Pitching for Coastal Carolina University Chanticleers : LHP Rich Holliday
|
Batting: RHB Curt Perez
|
0-0: Ball 1-0: Fly out, F9 (Flyball, 9, EV 82.5 MPH)
|
Batting: SHB Chris Rodgers
|
0-0: Foul Ball, location: 2F 0-1: Ball 1-1: Ground out 5-3 (Groundball, 5, EV 88.8 MPH)
|
Batting: LHB Phil Bonner
|
0-0: Called Strike 0-1: Ball 1-1: Ball 2-1: Ball 3-1: Foul Ball, location: 2F 3-2: Base on Balls
|
Pitching: RHP Quentin Archdeacon
|
|
Batting: LHB Ivan Villegas
|
0-0: Foul Ball, location: 2F 0-1: Foul Ball, location: 2F 0-2: Foul Ball, location: 2F 0-2: Ball 1-2: Fly out, F7 (Flyball, 78M, EV 86.9 MPH)
|
Bottom of the 22nd over - 0 runs, 0 hits, 0 errors, 1 left on base; Coastal Carolina University 1 - University of Minnesota 1 |
TOP OF THE 23RD |
Coastal Carolina University Chanticleers batting - Pitching for University of Minnesota Golden Gophers : RHP Rich Pratte
|
Batting: LHB Tim Kirby
|
0-0: Foul Ball, location: 2F 0-1: Foul Ball, location: 2F 0-2: DOUBLE (Flyball, 78D, EV 108.8 MPH)
|
Batting: LHB Jason Melek
|
0-0: Ball 1-0: Ball 2-0: Ball 3-0: Base on Balls
|
Batting: RHB Chris McDaniel
|
0-0: Called Strike 0-1: Swinging Strike 0-2: Foul Ball, location: 2F 0-2: Ball 1-2: Ball 2-2: Ball 3-2: Strikes out looking
|
Pitching: RHP Dan Mondro
|
|
Batting: RHB I-po Lin
|
0-0: Ball 1-0: Swinging Strike 1-1: Foul Ball, location: 2F 1-2: Strikes out looking
|
Batting: LHB Justin Sanders
|
0-0: Ball 1-0: Foul Ball, location: 2F 1-1: Ball 2-1: SINGLE (Line Drive, 56D, EV 105.6 MPH) Tim Kirby to third Jason Melek to second
|
Batting: RHB Ferri Casteleijn
|
0-0: Ball 1-0: TRIPLE (Flyball, 89XD, EV 112.5 MPH) Tim Kirby scores Jason Melek scores Justin Sanders scores
|
Batting: RHB Tristan Williams
|
0-0: Foul Ball, location: 2F 0-1: Ball 1-1: Ball 2-1: Ball 3-1: Called Strike 3-2: Base on Balls
|
Batting: RHB Mike Grogan
|
0-0: Called Strike 0-1: Foul Ball, location: 2F 0-2: Reached on error, E6 (Groundball, 6, EV 86.9 MPH) Ferri Casteleijn scores Tristan Williams to second
|
Batting: SHB Iher Waithaka
|
0-0: Called Strike 0-1: Called Strike 0-2: Strikes out looking
|
Top of the 23rd over - 4 runs, 3 hits, 1 error, 2 left on base; Coastal Carolina University 5 - University of Minnesota 1 |
BOTTOM OF THE 23RD |
University of Minnesota Golden Gophers batting - Pitching for Coastal Carolina University Chanticleers : RHP Quentin Archdeacon
|
Batting: RHB Ron Gooch
|
0-0: Ball 1-0: Ball 2-0: Called Strike 2-1: Ground out U3 (Groundball, 3L, EV 88.8 MPH)
|
Pinch Hitting: RHB Bing Loh
|
0-0: Called Strike 0-1: Ball 1-1: Ball 2-1: SINGLE (Line Drive, 6D, EV 94.4 MPH)
|
Batting: RHB Tatsuyoshi Ikeda
|
0-0: Ball 1-0: Ball 2-0: Called Strike 2-1: SINGLE (Groundball, 13S, EV 64.4 MPH) (infield hit) Bing Loh to second
|
Batting: RHB Farakiko Haunani
|
0-0: Swinging Strike 0-1: Foul Ball, location: 2F 0-2: Strikes out swinging
|
Batting: RHB Chris Gant
|
0-0: Ball 1-0: Called Strike 1-1: Called Strike 1-2: Fielders Choice at 2nd, 6-4 (Groundball, 56, EV 102.5 MPH)
|
Bottom of the 23rd over - 0 runs, 2 hits, 0 errors, 2 left on base; Coastal Carolina University 5 - University of Minnesota 1 |
|